 Dungeon Crawl Stone Soup version 0.24.0-13-gcf9b319 (webtiles) character file.

Game seed: 10786362820692638948, levelgen mode: deterministic

697 Fortress the Conjurer (level 7, 0/50 HPs)
             Began as a Yellow Draconian Conjurer on Jan 11, 2020.
             Succumbed to a scorpion's poison
             ... on level 4 of the Dungeon.
             The game lasted 00:12:46 (2582 turns).

Fortress the Conjurer (Yellow Draconian Conjurer)   Turns: 2582, Time: 00:12:47

Health: 0/50       AC:  7    Str: 15    XL:     7   Next: 38%
Magic:  2/14       EV: 12    Int: 17    God:
Gold:   161        SH:  0    Dex: 12    Spells: 9/16 levels left

rFire    . . .     SeeInvis .   g - +2 dagger (venom)
rCold    . . .     Gourm    .   (no shield)
rNeg     . . .     Faith    .   (armour unavailable)
rPois    .         Spirit   .   (helmet restricted)
rElec    .         Reflect  .   (no cloak)
rCorr    +         Harm     .   (no gloves)
MR       .....                  l - +0 pair of boots
Stlth    ++........             k - amulet of regeneration
HPRegen  0.56/turn              (no ring)
MPRegen  0.14/turn              (no ring)

@: mighty, lethally poisoned (0 -> -2)
A: spit acid, unfitting armour, cold-blooded, acid resistance, AC +6
a: Breathe Acid


You were on level 4 of the Dungeon.
You were not hungry.

You visited 1 branch of the dungeon, and saw 4 of its levels.

You collected 161 gold pieces.

Inventory:

Hand Weapons
 e - a +0 short sword
 g - a +2 dagger of venom (weapon)
 i - a +2 dagger of freezing
Missiles
 q - 11 poisoned darts (quivered)
Armour
 l - a +0 pair of boots (worn)
Jewellery
 k - an amulet of regeneration (around neck)
Scrolls
 a - a scroll of fear {unknown}
 c - a scroll of remove curse {unknown}
 d - a scroll of enchant armour {unknown}
 h - a scroll of noise {unknown}
 j - a scroll of immolation {unknown}
 n - 2 scrolls of fog {unknown}
 p - 3 scrolls of identify {unknown}
 r - a scroll of magic mapping {unknown}
 s - a scroll of blinking {unknown}
Potions
 m - a potion of mutation {unknown}
 o - a potion of degeneration {unknown}
Comestibles
 b - 6 rations


   Skills:
 - Level 2.0 Dodging
 - Level 2.0 Stealth
 - Level 0.2 Unarmed Combat
 + Level 5.2 Spellcasting
 + Level 7.2 Conjurations


You had 9 spell levels left.
You knew the following spells:

 Your Spells              Type           Power        Failure   Level  Hunger
a - Magic Dart            Conj           ####         1%          1    None
b - Searing Ray           Conj           ####..       1%          2    #......
c - Iskenderun's Mystic   Conj           ####....     7%          4    ####...

Your spell library contained the following spells:

 Spells                   Type           Power        Failure   Level  Hunger
 Dazzling Spray           Conj/Hex       ###...       10%         3    ###....
 Force Lance              Conj/Tloc      ###.....     30%         4    ####...
 Fulminant Prism          Conj/Hex       ###.......   30%         4    ####...


Dungeon Overview and Level Annotations

Branches:
Dungeon (4/15)
 Temple: D:4-7

Altars:
Xom
The Shining One


Innate Abilities, Weirdness & Mutations

You can spit globs of acid.
Your golden yellow scales are hard. (AC +6)
You cannot fit into any form of body armour.
You are cold-blooded and may be slowed by cold attacks.
You are resistant to acid. (rCorr)


Message History

* * * LOW HITPOINT WARNING * * *
It was a potion of might.
You feel very mighty all of a sudden. The leopard gecko misses you.
The scorpion stings you but does no damage.
You hit the scorpion but do no damage.
The scorpion is poisoned.
The scorpion is lightly wounded.
The leopard gecko bites you but does no damage.
The scorpion stings you but does no damage.
You barely miss the leopard gecko. The leopard gecko closely misses you.
The scorpion stings you but does no damage.
You hit the leopard gecko.
You kill the leopard gecko!
The scorpion stings you.
* * * LOW HITPOINT WARNING * * *
You are lethally poisoned!
The scorpion poisons you!
You closely miss the scorpion.
The scorpion is severely wounded.
You die...

#... .#.. #...
. .# #...#... #
#......# .#
#....#. #.# #
#....?#.)##. #.
#..........#
#_###..#s..#
##.....#@##.#
#...........#
#........####
#.......#######
#.........)...#
#.......#####.#
#.......# #.#
#)......# #.#
##.#.#### #.#


You could see a scorpion.

Vanquished Creatures
  Grinder (D:3)
  A hippogriff (D:4)
  An ogre (D:4)
  A centaur zombie (D:4)
  A hound (D:4)
  A jelly (D:4)
  Terence (D:3)
  A worker ant (D:4)
  4 adders (D:2)
  2 oozes
  A dart slug (D:2)
  6 leopard geckos
  8 orcs
  8 bats
  4 giant cockroaches
  8 goblins
  3 hobgoblins
  2 jackals (D:4)
  A quokka (D:4)
  2 ball pythons (D:2)
  4 frilled lizards
  2 rats
63 creatures vanquished.

Notes
Turn   | Place    | Note
-------+----------+-------------------------------------------
     0 | D:1      | Fortress the Draconian Conjurer began the quest for the
                  | Orb.
     0 | D:1      | Reached XP level 1. HP: 14/14 MP: 3/3
   267 | D:1      | Reached XP level 2. HP: 16/20 MP: 0/5
   992 | D:2      | Reached XP level 3. HP: 26/26 MP: 2/6
  1165 | D:2      | You fall into a shaft and drop 1 floor!
  1169 | D:3      | Reached skill level 5 in Conjurations
  1178 | D:3      | Reached XP level 4. HP: 27/33 MP: 0/7
  1829 | D:3      | Found a shimmering altar of Xom.
  1848 | D:3      | Noticed Grinder
  1848 | D:3      | Noticed Terence
  1891 | D:3      | Killed Grinder
  1891 | D:3      | Reached skill level 6 in Conjurations
  1891 | D:3      | Reached XP level 5. HP: 6/38 MP: 0/10
  1891 | D:3      | Reached XP level 6. HP: 8/45 MP: 0/11
  2004 | D:3      | Killed Terence
  2127 | D:3      | Learned a level 2 spell: Searing Ray
  2132 | D:3      | Learned a level 4 spell: Iskenderun's Mystic Blast
  2469 | D:4      | Found a glowing golden altar of the Shining One.
  2484 | D:4      | Your scales start taking on a golden yellow colour.
  2484 | D:4      | Reached XP level 7. HP: 43/50 MP: 4/14
  2484 | D:4      | Gained mutation: You are resistant to acid. (rCorr) [Yellow
                  | Draconian growth]
  2557 | D:4      | Noticed a hippogriff
  2577 | D:4      | Killed a hippogriff
  2577 | D:4      | Reached skill level 5 in Spellcasting
  2577 | D:4      | Reached skill level 7 in Conjurations
  2581 | D:4      | HP: 1/50 [scorpion (6)]
  2582 | D:4      | Succumbed to a scorpion's poison

Levels and vault maps discovered:
D:1:      tarquinn_simple_flora_water_d, layout_loops_corners,
          chequers_serial_rivers_micro_d
D:2:      layout_basic, minmay_curled_crystal, minmay_between
D:3:      layout_basic, marbit_many_paths, uniq_grinder, uniq_terence
D:4:      layout_loops_ring, overflow_temple_1_default, first_ration,
          minmay_increasing_density

Skill      XL: |  1  2  3  4  5  6  7 |
---------------+----------------------+-----
Dodging        | 2 |  2.0
Stealth        | 2 |  2.0
Conjurations   | 5 6 7 |  7.2
Spellcasting   | 3 4 5 |  5.2
Unarmed Combat | |  0.2

Action                   |  1- 3 |  4- 6 |  7- 9 || total
-------------------------+-------+-------+-------++-------
Melee: Unarmed           |    19 |       |       ||    19
       Tailslap          |     3 |     2 |       ||     5
       Dagger            |    16 |    26 |     4 ||    46
 Cast: Magic Dart        |    48 |    74 |     9 ||   131
       Searing Ray       |       |     3 |     2 ||     5
  Use: Potion            |       |       |     1 ||     1
  Eat: Chunk             |     2 |     4 |       ||     6
Armor: Skin              |    18 |    15 |     9 ||    42
Dodge: Dodged            |    27 |    14 |     6 ||    47
